 Dungeon Crawl Stone Soup version 0.29.1-1-gd02db6906a (webtiles) character file.

Game seed: 9156839148362306343

107 Descartes the Shield-Bearer (level 5, -3/63 HPs)
             Began as a Formicid Fighter on Sept 24, 2022.
             Slain by Grinder (6 damage)
             ... on level 3 of the Dungeon.
             The game lasted 00:02:47 (1834 turns).

Descartes the Shield-Bearer (Formicid Fighter)      Turns: 1834, Time: 00:02:47

Health: -3/63      AC: 22    Str: 23    XL:     5   Next: 10%
Magic:  5/5        EV:  2    Int:  7    God:
Gold:   144        SH:  5    Dex: 13    Spells: 4/4 levels left

rFire   . . .      SeeInvis .   a - +0 war axe
rCold   . . .      Faith    .   c - +0 buckler
rNeg    . . .      Spirit   .   (body armour currently unavailable)
rPois   +          Reflect  .   (helmet unavailable)
rElec   .          Harm     .   (cloak currently unavailable)
rCorr   .          Rampage  .   (gloves currently unavailable)
Will    .....                   (boots currently unavailable)
Stlth   +.........              (no amulet)
HPRegen 0.20/turn               (no ring)
MPRegen 0.09/turn               (no ring)

@: mighty, tree-form
A: stationary, stasis, torment immunity, boosted hp, permanent stasis, dig
shafts and tunnels, (antennae 3), four strong arms
a: no special abilities


You were on level 3 of the Dungeon.
You were a tree.
You visited 1 branch of the dungeon, and saw 3 of its levels.

You collected 144 gold pieces.

Inventory:

Hand Weapons
 a - a +0 war axe (weapon)
Missiles
 h - 3 stones
 n - 3 boomerangs
Armour
 b - a +0 scale mail (melded)
 c - a +0 buckler (worn)
Jewellery
 m - a ring of ice
Scrolls
 e - 2 scrolls of teleportation {unknown}
 f - 2 scrolls of immolation {unknown}
 j - a scroll of fear {unknown}
 o - a scroll of identify {unknown}
 p - a scroll of vulnerability {unknown}
 r - a scroll of enchant weapon {unknown}
Potions
 i - a potion of berserk rage {unknown}
 k - a potion of heal wounds {unknown}
 l - a potion of curing
 q - a potion of brilliance {unknown}
 s - a potion of flight {unknown}


   Skills:
 + Level 3.8 Fighting
 + Level 2.6(2.8) Axes
 + Level 0.8(1.9) Maces & Flails
 + Level 0.7(1.8) Polearms
 + Level 3.9 Armour
 + Level 4.6 Shields
 + Level 1.3 Translocations


You had 4 spell levels left.
You didn't know any spells.
Your spell library contained the following spells:

 Spells                   Type           Power      Damage    Failure   Level
 Slow                     Hex            0%         N/A       50%         1
 Confusing Touch          Hex            0%         N/A       86%         3
 Vampiric Draining        Necr           0%         2d6       86%         3
 Olgreb's Toxic Radiance  Pois           0%         N/A       99%         4
 Ozocubu's Refrigeration  Ice            0%         4d7       100%        7
 Ignition                 Fire           0%         3d3       100%        8


Dungeon Overview and Level Annotations

Branches:
Dungeon (3/15)

Altars:

Shops:
D:3 =

Annotations:
D:3 Grinder


Innate Abilities, Weirdness & Mutations

You are a tree.
Your roots penetrate the ground, keeping you stationary.
You cannot be teleported.
You are immune to unholy pain and torment.
Your maximum health is greatly increased.
Your equipment is partially melded.
You cannot be hasted, slowed, berserked, paralysed or teleported.
You can dig through walls and to a lower floor.
((You have a pair of large antennae on your head. (SInv)))
Your four strong arms can wield two-handed weapons with a shield.


Message History

You closely miss Grinder.
Grinder is heavily wounded.
Grinder hits you.
* * * LOW HITPOINT WARNING * * *
You writhe in agony.
* * * LOW HITPOINT WARNING * * *
You closely miss Grinder.
Grinder is heavily wounded.
Grinder gestures at you. Pain shoots through your body!
* * * LOW HITPOINT WARNING * * *
Grinder blinks!
It was a potion of curing.
You feel better. You block Grinder's attack.
You slash Grinder!
Grinder is severely wounded.
Grinder says, "Wait up."
Grinder hits you but does no damage.
You barely miss Grinder.
Grinder is severely wounded.
Grinder hits you!
* * * LOW HITPOINT WARNING * * *
You writhe in agony.
* * * LOW HITPOINT WARNING * * *
Grinder gestures at you.
Your stasis prevents you from being paralysed.
It was a potion of lignification.
You turn into a tree.
Your +0 scale mail melds into your body.
Your roots penetrate the ground.
Grinder hits you but does no damage.
You closely miss Grinder.
Grinder is severely wounded.
Grinder hits you but does no damage.
You closely miss Grinder.
Grinder is severely wounded.
Grinder hits you.
* * * LOW HITPOINT WARNING * * *
You closely miss Grinder.
Grinder is severely wounded.
You block Grinder's attack. Grinder hits you.
You die...

... ..## ....### .....# .....#
.......# ####...## .........#
...#...# ........)# #.#.#.###
.........# P~~~ #...5♣..#
.........# ~~P#
###.##...............# P~♣#####
#..###.####.......#. PP.....###
##.## ..# .......... ♣..###...##
#..## ............# ...#####..#
##..#####.........# ....#####.##
##..# .........#
......###..#######.##<..........#
...##.........<........#.......##


You could see Grinder.

Vanquished Creatures
  An iguana (D:2)
  2 adders
  A worm (D:2)
  4 dart slugs
  4 endoplasms
  A giant cockroach (D:1)
  9 hobgoblins
  9 ball pythons
  7 bats
  2 frilled lizards
  7 goblins
  2 kobolds
  2 rats (D:1)
51 creatures vanquished.

Vanquished Creatures (others)
  3 plants (D:3)
3 creatures vanquished.

Grand Total: 54 creatures vanquished

Notes
Turn   | Place    | Note
-------+----------+-------------------------------------------
     0 | D:1      | Descartes the Formicid Fighter began the quest for the Orb.
     0 | D:1      | Reached XP level 1. HP: 18/18 MP: 1/1
    44 | D:1      | Reached XP level 2. HP: 24/24 MP: 2/2
   329 | D:1      | Reached XP level 3. HP: 25/29 MP: 3/3
   867 | D:2      | Reached skill level 1 in Translocations
  1003 | D:2      | Reached XP level 4. HP: 37/37 MP: 4/4
  1692 | D:3      | Reached XP level 5. HP: 38/42 MP: 5/5
  1721 | D:3      | Found Nesopp's Jewellery Boutique.
  1815 | D:3      | Noticed Grinder
  1833 | D:3      | HP: 2/63 [Grinder (3)]
  1834 | D:3      | Slain by Grinder

Illustrated notes

Levels and vault maps discovered:
D:1:      dpeg_arrival_erosion, layout_rooms
D:2:      layout_loops_ring
D:3:      layout_rooms, serial_shops,
          nicolae_shop_temple_entry_statues_fountains, serial_bayou_lake_a,
          uniq_grinder

Skill      XL: |  1  2  3 |
---------------+----------+-----
Translocations | 1 |  1.3
Fighting       | |  3.8
Axes           | |  2.6
Maces & Flails | |  0.8
Polearms       | |  0.7
Armour         | |  3.9
Shields        | |  4.6

Action                   |  1- 3 |  4- 6 || total
-------------------------+-------+-------++-------
Melee: War axe           |    83 |    63 ||   146
  Use: Potion            |       |     3 ||     3
Armor: Scale mail        |    45 |    30 ||    75
       Skin              |       |     2 ||     2
Dodge: Dodged            |    45 |    24 ||    69
Block: Buckler           |    21 |    18 ||    39
